 Dungeon Crawl Stone Soup version 0.22-a0-608-g8a62e23 (webtiles) character file.

8900 kae the Cleaver (level 11, -10/99 HPs)
             Began as a Hill Orc Fighter on July 9, 2018.
             Was an Elder of Makhleb.
             Succumbed to Sonja's poison
             ... on level 10 of the Dungeon.
             The game lasted 00:09:08 (11195 turns).

kae the Cleaver (Hill Orc Fighter)                 Turns: 11195, Time: 00:09:09

Health: -10/99     AC: 14    Str: 23    XL:     11   Next: 38%
Magic:  26/26      EV:  8    Int:  8    God:    Makhleb [****..]
Gold:   496        SH: 11    Dex: 19    Spells: 10/10 levels left

rFire    . . .     SeeInvis .   F - +2 war axe (vamp)
rCold    . . .     Gourm    .   c - +0 shield
rNeg     . . .     Faith    .   w - +4 ring mail of the Ditch-Digger {Dex+4}
rPois    .         Spirit   .   (no helmet)
rElec    .         Reflect  .   B - +2 cloak
rCorr    .         Harm     .   (no gloves)
MR       .....                  (no boots)
Stlth    +.........             (no amulet)
HPRegen  0.26/turn              v - +5 ring of dexterity
MPRegen  0.20/turn              p - ring of magical power

@: lethally poisoned (-10 -> -127)
A: no striking features
a: Minor Destruction, Lesser Servant of Makhleb, Major Destruction, Renounce
Religion


You were on level 10 of the Dungeon.
You worshipped Makhleb.
Makhleb was greatly pleased with you.
You were hungry.

You visited 2 branches of the dungeon, and saw 12 of its levels.

You collected 688 gold pieces.
You spent 192 gold pieces at shops.

Inventory:

Hand Weapons
 a - a +1 war axe
 F - a +2 vampiric war axe (weapon)
 I - a +3 broad axe of chopping
Armour
 b - a +1 scale mail
 c - a +0 shield (worn)
 k - a +0 pair of boots
 w - the +4 ring mail of the Ditch-Digger (worn) {Dex+4}
   (You found it on level 5 of the Dungeon)

   It affects your dexterity (+4).
 B - a +2 cloak (worn)
Jewellery
 p - a ring of magical power (right hand)
 q - an uncursed amulet of faith
 r - an uncursed ring of fire
 t - an uncursed ring of flight
 v - a +5 ring of dexterity (left hand)
 A - a cursed ring of teleportation {unknown}
Wands
 g - a wand of iceblast (23)
Scrolls
 d - 3 scrolls of blinking
 i - 5 scrolls of remove curse
 s - 2 scrolls of magic mapping
 y - 2 scrolls of teleportation
 D - a scroll of enchant armour
 H - 2 scrolls of identify
Potions
 e - a potion of heal wounds
 h - 2 potions of curing
 j - 3 potions of agility
 l - 2 potions of invisibility
 m - 2 potions of mutation
 n - 3 potions of lignification
 o - 6 potions of brilliance
 u - a potion of degeneration {unknown}
 x - 2 potions of ambrosia
 z - 3 potions of magic
 C - a potion of resistance
 E - a potion of flight {unknown}
Comestibles
 f - 19 rations


   Skills:
 + Level 10.0 Fighting
 * Level 14.0 Axes
 + Level 9.2 Armour
 + Level 5.6 Shields
 + Level 8.5 Invocations


You had 10 spell levels left.
You didn't know any spells.
Your spell library contained the following spells:

 Spells                   Type           Power        Failure   Level  Hunger
 Bolt of Magma            Conj/Fire/Erth #.........   100%        5    ######.
 Mephitic Cloud           Conj/Pois/Air  #.......     99%         3    ####...
 Venom Bolt               Conj/Pois      #.........   100%        5    ######.
 Olgreb's Toxic Radiance  Pois           #.......     100%        4    #####..
 Animate Dead             Necr           N/A          100%        4    #####..
 Pain                     Necr           #...         91%         1    ##.....
 Animate Skeleton         Necr           N/A          91%         1    ##.....
 Vampiric Draining        Necr           #.........   99%         3    ####...
 Regeneration             Chrm/Necr      #.........   99%         3    ####...
 Sting                    Conj/Pois      #...         91%         1    ##.....
 Iron Shot                Conj/Erth      #.........   100%        6    #######
 Statue Form              Tmut/Erth      #........    100%        6    #######
 Shatter                  Erth           #.........   100%        9    #######
 Leda's Liquefaction      Hex/Erth       #.........   100%        4    #####..
 Poisonous Vapours        Pois/Air       #.....       97%         2    ###....


Dungeon Overview and Level Annotations

Branches:
Dungeon (11/15)            Temple (1/1) D:4            Lair (0/6) D:10
    Orc (0/2) D:9

Altars:
Ashenzari
Cheibriados
Dithmenos
Elyvilon
Fedhas
Gozag
Hepliaklqana
Kikubaaqudgha
Makhleb
Nemelex Xobeh
Okawaru
Qazlal
Ru
Sif Muna
Trog
Uskayaw
Vehumet
Wu Jian
Xom
Yredelemnul
Zin
The Shining One
Beogh

Shops:
D:7 [(!   D:10 :

Annotations:
D:2 exclusion: oklob plant
D:7 Prince Ribbit
D:11 Sonja


Message History

You feel extremely sick. You block Sonja's attack.
Sonja hits you but does no damage.
You are more poisoned.
Sonja hits you but does no damage.
You are more poisoned.
You block Sonja's attack. Sonja hits you but does no damage.
You are more poisoned.
Sonja hits you but does no damage.
You are more poisoned.
There is a stone staircase leading up, spattered with blood here.
You barely miss Sonja.
Sonja is heavily wounded.
* * * LOW HITPOINT WARNING * * *
You feel extremely sick.
Sonja gestures wildly while chanting.
Sonja blinks!
* * * LOW HITPOINT WARNING * * *
You feel extremely sick.
You climb upwards.
You die...

........###))...............# #..
.###...###....>.............# #..
.# ######..............########..
#######.)(...............###.....
###.....)[...........#...........
.................................
.................##.####.........
.................##....##........
......#.........@................
.................##..............
......#<.........##..............
......##.........##..............
.................##..............
....#...........###..............
......####.)...## #..............
....### ####### #..............
[##..# #..............


There were no monsters in sight!

Vanquished Creatures
  Harold (D:11)
  A two-headed ogre (D:10)
  Urug (D:11)
  Pikel (D:7)
  2 trolls (D:11)
  A hornet (D:10)
  Sigmund (D:3)
  A wyvern (D:10)
  3 yaks (D:11)
  2 water moccasins (D:11)
  A swamp drake (D:10)
  2 black bears
  5 orc warriors
  An ice beast (D:7)
  3 sky beasts
  An eye of draining (D:10)
  7 ogres
  A phantom (D:7)
  8 centaurs
  2 crocodiles (D:10)
  5 big kobolds
  2 bullfrogs
  2 wyvern zombies
  A wyvern skeleton (D:8)
  4 killer bees (D:11)
  A scorpion (D:4)
  3 wights (D:10)
  A howler monkey (D:6)
  2 crimson imps
  A bullfrog zombie (D:5)
  A centaur zombie (D:9)
  3 bullfrog skeletons
  A jelly (D:10)
  7 orc priests
  6 hounds
  A centaur skeleton (D:6)
  Jessica (D:3)
  An iguana (D:5)
  5 orc wizards
  7 worker ants
  A worker ant zombie (D:7)
  14 gnolls
  7 adders
  A shadow imp (D:5)
  2 oozes
  4 worms
  4 dart slugs (D:2)
  6 leopard geckos
  33 orcs
  13 bats
  3 giant cockroaches
  8 goblins
  7 hobgoblins
  15 jackals
  4 quokkas
  A ball python (D:2)
  6 frilled lizards
  70 kobolds
  12 rats
  A bush (D:7)
  A plant (D:9)
313 creatures vanquished.

Vanquished Creatures (others)
  A sky beast (D:7)
  3 slaves (D:7)
  A bullfrog (D:7)
  2 orc wizards (D:7)
  An iguana (D:7)
  3 orcs (D:7)
11 creatures vanquished.

Grand Total: 324 creatures vanquished

Notes
Turn   | Place    | Note
-------+----------+-------------------------------------------
     0 | D:1      | kae the Hill Orc Fighter began the quest for the Orb.
     0 | D:1      | Reached XP level 1. HP: 19/19 MP: 1/1
    35 | D:1      | Reached skill level 3 in Axes
    72 | D:1      | Reached XP level 2. HP: 23/27 MP: 2/2
   575 | D:1      | Reached XP level 3. HP: 22/33 MP: 3/3
   868 | D:2      | Reached skill level 4 in Axes
   935 | D:2      | Found a blossoming altar of Fedhas.
   946 | D:2      | Noticed an oklob plant
  1100 | D:2      | Reached XP level 4. HP: 34/40 MP: 4/4
  1508 | D:2      | Reached skill level 5 in Axes
  1512 | D:2      | Reached XP level 5. HP: 42/47 MP: 5/5
  2101 | D:3      | Noticed Jessica
  2108 | D:3      | Killed Jessica
  2269 | D:3      | Found an ornate altar of the Wu Jian Council.
  2332 | D:3      | Found a glowing silver altar of Zin.
  2527 | D:3      | Noticed Sigmund
  2561 | D:3      | Killed Sigmund
  2561 | D:3      | Reached skill level 5 in Fighting
  2561 | D:3      | Reached skill level 6 in Axes
  2561 | D:3      | Reached XP level 6. HP: 52/56 MP: 6/6
  2882 | D:4      | Reached skill level 7 in Axes
  2882 | D:4      | Reached skill level 5 in Armour
  2882 | D:4      | Reached XP level 7. HP: 28/61 MP: 7/7
  3542 | D:4      | Reached skill level 8 in Axes
  3748 | D:4      | Found a staircase to the Ecumenical Temple.
  3992 | Temple   | Entered the Ecumenical Temple
  4134 | Temple   | Became a worshipper of Makhleb the Destroyer
  4177 | D:5      | Entered Level 5 of the Dungeon
  4278 | D:5      | Found a hazy altar of Hepliaklqana.
  4324 | D:5      | Reached XP level 8. HP: 63/70 MP: 8/8
  4333 | D:5      | Got an agate-encrusted ring mail
  4344 | D:5      | Identified the +4 ring mail of the Ditch-Digger {Dex+4} (You found it on level 5 of the Dungeon)
  4412 | D:5      | Reached skill level 1 in Invocations
  4769 | D:5      | Reached * piety under Makhleb
  4799 | D:5      | Reached skill level 9 in Axes
  5601 | D:6      | Reached ** piety under Makhleb
  5773 | D:6      | Found a shimmering altar of Xom.
  5794 | D:6      | Got a pair of twisted boots
  5804 | D:6      | Reached skill level 10 in Axes
  5815 | D:6      | Identified the +1 pair of boots "Denae" {rF- Int+3} (You found it on level 6 of the Dungeon)
  5969 | D:6      | Reached XP level 9. HP: 55/79 MP: 10/12
  6074 | D:6      | Found a shimmering altar of Xom.
  6078 | D:6      | Found a shimmering altar of Xom.
  6079 | D:6      | Found a shimmering altar of Xom.
  6284 | D:7      | Noticed Pikel
  6296 | D:7      | Killed Pikel
  6296 | D:7      | Reached skill level 5 in Invocations
  6512 | D:7      | Reached skill level 11 in Axes
  6542 | D:7      | Found a sparkling altar of Nemelex Xobeh.
  6583 | D:7      | Found Kunt's Armour Boutique.
  6586 | D:7      | Found Loageo Zoduo's Antique Weapon Shoppe.
  6719 | D:7      | Noticed Prince Ribbit
  7350 | D:7      | Found Niphobb's Distillery.
  7355 | D:7      | Bought a potion of lignification for 36 gold pieces
  7355 | D:7      | Bought a potion of mutation for 96 gold pieces
  7355 | D:7      | Bought a potion of heal wounds for 60 gold pieces
  7569 | D:8      | Reached XP level 10. HP: 90/90 MP: 14/14
  7594 | D:8      | Found an ancient bone altar of Kikubaaqudgha.
  7690 | D:8      | Found a glowing golden altar of the Shining One.
  7697 | D:8      | Reached skill level 12 in Axes
  7722 | D:8      | Found a stormy altar of Qazlal.
  8782 | D:9      | Reached *** piety under Makhleb
  8971 | D:9      | Found a staircase to the Orcish Mines.
  8995 | D:9      | Found a roughly hewn altar of Beogh.
  9339 | D:10     | Entered Level 10 of the Dungeon
  9339 | D:10     | Found Pahal's Book Shoppe.
  9482 | D:10     | Noticed a two-headed ogre
  9495 | D:10     | Killed a two-headed ogre
  9495 | D:10     | Reached **** piety under Makhleb
  9656 | D:10     | Found a staircase to the Lair.
  9671 | D:10     | Reached skill level 13 in Axes
 10093 | D:11     | Reached skill level 5 in Shields
 10093 | D:11     | Reached XP level 11. HP: 97/97 MP: 16/16
 10207 | D:11     | Noticed Sonja
 10705 | D:11     | Noticed Harold
 10722 | D:11     | Killed Harold
 10726 | D:11     | Noticed Urug
 10744 | D:11     | Killed Urug
 10893 | D:11     | Reached skill level 10 in Fighting
 10893 | D:11     | Reached skill level 14 in Axes
 11194 | D:11     | HP: 3/99 [poisoned by Sonja]
 11195 | D:10     | Succumbed to Sonja's poison

Vault maps used:
D:1:      dpeg_arrival_prison
D:2:      minmay_diamond_boxcup, tgw_fedhas
D:3:      lemuel_crystal_altar, nicolae_overflow_crystal_walls, first_ration,
          uniq_sigmund, uniq_jessica
D:4:      minmay_temple_entry_statues_pillars, cheibrodos_sewer_entry_bend
D:5:      minmay_goblin_kobold_castle, lemuel_crystal_altar
D:6:      xom_redecorated
D:7:      basic_altar, serial_shops, kennysheep_little_box,
          nicolae_shop_window_shopping, shop, kb_lookout_dungeons_type,
          uniq_prince_ribbit1, uniq_pikel
D:8:      lemuel_round_altar, old_standard_altar, basic_altar
D:9:      kennysheep_kobold_camp, minmay_orc_entry_temple_small,
          evilmike_surprise_oklob
D:10:     erik_lair_dragon, serial_shops, shop
D:11:     uniq_harold, uniq_sonja, uniq_urug
Temple:   regret_index_temple_sphere_string

Skill      XL: |  1  2  3  4  5  6  7  8  9 10 11 |
---------------+----------------------------------+-----
Axes           | 3 4 5 6 7 8 10 11 13 14 | 14.0
Fighting       | 4 5 6 7 8 9 10 | 10.0
Armour         | 4 5 6 7 8 9 |  9.2
Invocations    | 4 6 7 8 |  8.5
Shields        | 5 |  5.6

Action                   |  1- 3 |  4- 6 |  7- 9 | 10-12 || total
-------------------------+-------+-------+-------+-------++-------
Melee: War axe           |   133 |   134 |   465 |   332 ||  1064
Invok: Minor Destruction |       |       |     1 |     4 ||     5
  Use: Potion            |       |     1 |     5 |     6 ||    12
       Scroll            |       |     7 |     8 |     2 ||    17
  Eat: Chunk             |       |     6 |    16 |     6 ||    28
       Ration            |       |       |       |     3 ||     3
Armor: Scale mail        |    68 |    78 |    42 |       ||   188
       Ring mail         |       |       |   143 |   151 ||   294
Dodge: Dodged            |    38 |    45 |   155 |    99 ||   337
Block: Shield            |    90 |    76 |   222 |   207 ||   595

Table legend:
 A = Spawn XP
 B = Non-spawn XP
 C = Spawn XP percentage of total XP
 D = Spawn monster count
 E = Non-spawn monster count
 F = Spawn count percentage of total count
 G = Total turns spent on level
                    A         B        C        D         E        F      G
               +---------+---------+-------+---------+---------+-------+---------
         Total |       0 |   12715 |   0.0 |       0 |     310 |   0.0 | 11195
               +---------+---------+-------+---------+---------+-------+---------
           D:1 |       0 |      38 |   0.0 |       0 |      25 |   0.0 |   837
           D:2 |       0 |     192 |   0.0 |       0 |      40 |   0.0 |  1091
           D:3 |       0 |     290 |   0.0 |       0 |      21 |   0.0 |   841
           D:4 |       0 |     562 |   0.0 |       0 |      24 |   0.0 |  1243
           D:5 |       0 |     779 |   0.0 |       0 |      62 |   0.0 |  1417
           D:6 |       0 |     659 |   0.0 |       0 |      18 |   0.0 |   674
           D:7 |       0 |    1944 |   0.0 |       0 |      17 |   0.0 |  1216
           D:8 |       0 |     385 |   0.0 |       0 |       9 |   0.0 |  1061
           D:9 |       0 |     746 |   0.0 |       0 |      40 |   0.0 |   794
          D:10 |       0 |    2594 |   0.0 |       0 |      25 |   0.0 |   607
          D:11 |       0 |    4526 |   0.0 |       0 |      29 |   0.0 |  1249
               +---------+---------+-------+---------+---------+-------+---------
